[Event "Late-Titled-Tuesday-Blitz-February-06-2024"]
[Site "Chess.com"]
[Date "2024.02.06"]
[Round "5"]
[White "traviscottofficial"]
[Black "Zhigalko_Sergei"]
[Result "0-1"]
[WhiteElo "2675"]
[BlackElo "2946"]
[TimeControl "180+1"]
[EndTime "14:55:35 PST"]
[Termination "Zhigalko_Sergei won by resignation"]

1. d4 Nf6 2. c4 e6 3. Nc3 Bb4 4. f3 d5 5. a3 Be7 6. e3 O-O 7.
Bd3 c5 8. Nge2 Nc6 9. O-O cxd4 10. exd4 dxc4 11. Bxc4 b6 12. Be3 Bb7 13. Ba2 Rc8 14. d5 exd5 15. Nxd5 Nxd5 16. Qxd5 Bf6 17. Nc3 Qe7 18. Qe4 Qxe4 19. fxe4 Na5 20. Nd5 Bxd5 21. Bxd5 Bxb2 22. Ra2 Be5 23. Raf2 Rc7 24. Kh1 g6 25. Bd2 Nc4 26. Bb4 Nd6 27. g4 a5 28. Bxd6 Bxd6 29. Kg2 Bxa3 30. Rb1 Bc5 31. Rf6 Kg7 32. g5 h6 33. h4 hxg5 34. hxg5 Be3 35. Rbf1 b5 36. e5 Bxg5 37. Rb6 b4 38. Ra6 Rc5 39. Rd1 Rd8 40. Rd6 a4 41. Rxd8 Bxd8 42. Bxf7 Kxf7 43. Rxd8 Rxe5 44.
Rb8 b3 45. Ra8 Rb5 46. Ra5 Rxa5 0-1

[Event "Late-Titled-Tuesday-Blitz-February-06-2024"]
[Site "Chess.com"]
[Date "2024.02.06"]
[Round "5"]
[White "Levanzovsky"]
[Black "TanitoluwaAps116"]
[Result "1-0"]
[WhiteElo "2555"]
[BlackElo "2808"]
[TimeControl "180+1"]
[EndTime "14:55:35 PST"]
[Termination "Levanzovsky won by checkmate"]

1. e4 c5 2. Nf3 e6 3. d3 Nc6 4. g3 d5 5. Nbd2 Nf6 6. Bg2 Be7 7. O-O Qc7 8. Re1 b6 9. c3 Bb7 10. Qe2 O-O-O 11. a3 Kb8 12. b4 Ka8 13. Rb1 Rhe8 14.
bxc5 Bxc5 15. d4 Be7 16. exd5 exd5 17. Qd3 Bd6 18. Bb2 Na5 19. Ne5 Bxe5 20. dxe5 Rxe5 21.
Rxe5 Qxe5 22. c4 Qd6 23. Bxf6 gxf6 24. cxd5 Bxd5 25. Ne4 Qc7 26. Rd1 Nb7 27. Qf3 Bc6 28.
Rxd8+ Qxd8 29. h4 Qd5 30. Qxf6 Qd1+ 31. Kh2 Bd5 32. Qh8+ Nd8 33. Qxd8+ Kb7 34. Nc3 Qd2 35. Qxd5+ Qxd5 36. Nxd5 a5 37. Nf6+ Kc7 38. Nxh7 b5 39. Ng5 b4 40. axb4 a4 41. Bd5 a3 42. Ba2 Kd6 43.
Nxf7+ Ke7 44. h5 Kf6 45. h6 Kg6 46. b5 Kh7 47. b6 Kg6 48. b7 Kh7 49. b8=Q Kg6 50.
Qg8+ Kh5 51. Qg5# 1-0

[Event "Late-Titled-Tuesday-Blitz-February-06-2024"]
[Site "Chess.com"]
[Date "2024.02.06"]
[Round "5"]
[White "mr_gustavo"]
[Black "WPWPWP-2015"]
[Result "1-0"]
[WhiteElo "2698"]
[BlackElo "2486"]
[TimeControl "180+1"]
[EndTime "14:55:35 PST"]
[Termination "mr_gustavo won on time"]

1. e4 e5 2. Nf3 Nc6 3. Nc3 Nf6 4. Bb5 Nd4 5. Bc4 Nxf3+ 6. Qxf3 c6 7. d3 d6 8. h3 Be7 9. O-O O-O 10. Be3 Be6 11.
Bxe6 fxe6 12. Qe2 Qe8 13. d4 exd4 14. Bxd4 e5 15. Be3 Qg6 16. f3 Nh5 17. Qd2 Rf7 18. Ne2 Qe6 19. b3 g6 20. c4 Bd8 21. Rad1 Bc7 22.
Kh2 b6 23. Qc2 Bd8 24. Rd2 Be7 25. b4 Raf8 26. b5 c5 27. Qd3 Nf6 28. Nc3 Nh5 29.
Nd5 Bh4 30. a4 Ng3 31. Rfd1 Nh5 32. a5 bxa5 33. Rf1 Ng3 34. Ra1 Nh5 35. Qe2 Ng3 36. Qd1 Nh5 37. Rxa5 Kg7 38. Ra6 Bg3+ 39. Kh1 Bh4 40.
Bxc5 Ng3+ 41. Kh2 Rd7 42. Bf2 Nxe4 43. Bxh4 Nxd2 44. Qxd2 e4 45. Qc3+ Qe5+ 46. Qxe5+ dxe5 47. fxe4 Rf1 48. Bf6+ Kh6 49. Bxe5 Rdf7 50. Bd4 Rd1 51. Be3+ Kg7 52. Nf4 g5 53. Ne6+ Kg8 54. b6 1-0

[Event "Late-Titled-Tuesday-Blitz-February-06-2024"]
[Site "Chess.com"]
[Date "2024.02.06"]
[Round "5"]
[White "Mikhail_Golubev"]
[Black "VladimirKramnik"]
[Result "0-1"]
[WhiteElo "2663"]
[BlackElo "2918"]
[TimeControl "180+1"]
[EndTime "14:55:36 PST"]
[Termination "VladimirKramnik won on time"]

1. e4 c5 2. Nf3 e6 3. d4 cxd4 4. Nxd4 Nf6 5. Nc3 Nc6 6. a3 Be7 7. Nxc6 bxc6 8. e5 Nd5 9. Qg4 O-O 10. Bh6 g6 11. Qd4 Qa5 12. Bd2 Qb6 13. Qxb6 axb6 14. Nxd5 exd5 15. Bd3 f6 16. Bc3 fxe5 17. Bxe5 Re8 18.
O-O Bf8 19. Rfe1 b5 20. Bc3 Bb7 21. Rxe8 Rxe8 22. Re1 Kf7 23. Rxe8 Kxe8 24. Kf1 d6 25. h4 Bc8 26. b3 Be7 27. h5 Kf7 28. hxg6+ hxg6 29. a4 bxa4 30. bxa4 c5 31. a5 d4 32.
Bd2 d5 33. Bb5 c4 34. a6 Bc5 35. Bc6 Ke6 36. Bb4 Ba7 37. Be8 g5 38. Bb5 g4 39.
g3 Kf5 40. Ke2 Ke4 41. Be8 d3+ 42. cxd3+ cxd3+ 43. Kd2 Bf5 44. Bc6 Bxf2 45. Bd6 Be3+ 46. Kd1 Bc8 47. Bb7 Bd7 48. Bf4 Ba4+ 0-1

[Event "Late-Titled-Tuesday-Blitz-February-06-2024"]
[Site "Chess.com"]
[Date "2024.02.06"]
[Round "5"]
[White "jinxy2009"]
[Black "DonJuanEGenaro"]
[Result "0-1"]
[WhiteElo "2224"]
[BlackElo "2074"]
[TimeControl "180+1"]
[EndTime "14:55:36 PST"]
[Termination "DonJuanEGenaro won by checkmate"]

1. e4 c5 2. Nf3 Nc6 3. d4 cxd4 4. Nxd4 Nf6 5. Nc3 d6 6. Bg5 Qb6 7. Nb3 e6 8. Qd2 a6 9. O-O-O Bd7 10. f4 Ng4 11. Bh4 Qe3 12. Bd3 Nb4 13. h3 Qxd2+ 14. Kxd2 Nf6 15. e5 Nfd5 16. Nxd5 Nxd5 17. Rhf1 Rc8 18.
c3 dxe5 19. fxe5 Be7 20. Bxe7 Kxe7 21. Rf3 f6 22. Rc1 fxe5 23. Re1 Kd6 24. c4 Nb4 25. Rfe3 Nc6 26. c5+ Ke7 27. Kc3 Rcd8 28. Nd2 g6 29.
Nf3 Rhf8 30. Nxe5 Nxe5 31. Rxe5 Rf6 32. Bc4 Rc8 33. b4 Rc6 34. a4 b6 35. cxb6 Rxb6 36. a5 Rc6 37. Kb3 Rd6 38. b5 axb5 39. Bxb5 Bxb5 40.
Rxb5 Rf2 41. Rb7+ Kf6 42. Kc4 Ra6 43. Kb5 Ra8 44. a6 Rb2+ 45. Kc5 Rc8+ 46. Kd6 Rd2# 0-1

[Event "Late-Titled-Tuesday-Blitz-February-06-2024"]
[Site "Chess.com"]
[Date "2024.02.06"]
[Round "5"]
[White "LiemLe"]
[Black "Arystanner"]
[Result "1-0"]
[WhiteElo "3041"]
[BlackElo "2858"]
[TimeControl "180+1"]
[EndTime "14:55:37 PST"]
[Termination "LiemLe won on time"]

1. Nf3 d5 2. e3 Nf6 3. c4 e6 4.
Nc3 Bd6 5. b3 O-O 6. Bb2 c5 7.
g4 d4 8. exd4 e5 9. dxc5 Bxc5 10. g5 Nh5 11. Nxe5 Qxg5 12. Ne4 Qf5 13. Nxc5 Re8 14. d4 f6 15. Bd3 Qh3 16. Qc2 fxe5 17. Bxh7+ Kh8 18. O-O-O Nf4 19. Be4 Nc6 20. dxe5 Bg4 21.
Rd6 Nxe5 22. Kb1 Nf3 23. Ka1 Ng5 24. Bxb7 Rad8 25. Qd2 Nfe6 26. Nxe6 Nxe6 27. Re1 Rxd6 28. Qxd6 Rd8 29. Qe5 Qh6 30. Bd5 Nc5 31. Rg1 Nd3 32. Qxg7+ Qxg7 33. Bxg7+ Kxg7 34. Rxg4+ Kf6 35. Rg3 Nb4 36.
Kb2 Rh8 37. h3 Ke5 38. Ka3 Nc2+ 39. Ka4 Rh6 40. Ka5 Kd4 41. b4 Rf6 42. Rf3 Rg6 43. a4 Rg1 44. b5 Ra1 45. h4 Ne1 46. Rf7 Nd3 47. Rxa7 Nc5 48. Kb6 Rg1 49. Rf7 1-0

[Event "Late-Titled-Tuesday-Blitz-February-06-2024"]
[Site "Chess.com"]
[Date "2024.02.06"]
[Round "5"]
[White "JonasEilenberg"]
[Black "alphienothere"]
[Result "0-1"]
[WhiteElo "2516"]
[BlackElo "2262"]
[TimeControl "180+1"]
[EndTime "14:55:37 PST"]
[Termination "alphienothere won by checkmate"]

1. e4 c6 2. Nf3 d5 3. Nc3 dxe4 4. Nxe4 Bf5 5. Ng3 Bg4 6. h3 Bxf3 7. Qxf3 Nf6 8. Bc4 e6 9. d3 Nbd7 10. Qe2 Be7 11.
O-O O-O 12. a4 Qc7 13. Bd2 Bd6 14. Ne4 Bf4 15. Bc3 Nxe4 16. Qxe4 Nf6 17. Qf3 Rad8 18. Bxf6 gxf6 19. c3 f5 20. d4 Rfe8 21. a5 a6 22. Kh1 Kh8 23. g3 Bh6 24. Qh5 Bg7 25. g4 fxg4 26. Bd3 h6 27. hxg4 Qf4 28. Rae1 Qf3+ 29. Kg1 Qxd3 30. g5 Qg6 31. Qxg6 fxg6 32. f4 hxg5 33. fxg5 Kg8 34. Rf2 Rf8 35. Rxe6 Rxf2 36. Kxf2 Rf8+ 37. Ke2 Kf7 38. Rd6 Re8+ 39. Kd3 Re6 40. Rd7+ Re7 41. Rd8 Bf8 42. Kc4 Rc7 43.
b4 Be7 44. Rb8 Bxg5 45. Kc5 Bd2 46. Kd6 Bf4+ 47. Kc5 g5 48. Kb6 g4 49. Rh8 g3 50.
Rh4 Bd6 51. Rg4 Kf6 52. c4 Rg7 53. Re4 g2 54. Re1 g1=Q 55. Rxg1 Rxg1 56. c5 Rb1 57. Kxb7 Rxb4+ 58. Kxc6 Bh2 59. d5 Ke7 60. d6+ Kd8 61. Kd5 Rb5 62. Kc6 Rxa5 63. Kd5 Bg1 64. Kc6 Rxc5+ 65.
Kb7 Kd7 66. Kxa6 Kxd6 67. Kb7 Bf2 68. Ka6 Kc7 69. Ka7 Ra5# 0-1

[Event "Late-Titled-Tuesday-Blitz-February-06-2024"]
[Site "Chess.com"]
[Date "2024.02.06"]
[Round "5"]
[White "HalfIsCrayfish"]
[Black "topce"]
[Result "1-0"]
[WhiteElo "2582"]
[BlackElo "2393"]
[TimeControl "180+1"]
[EndTime "14:55:39 PST"]
[Termination "HalfIsCrayfish won on time"]

1. Nc3 e6 2. e4 d5 3. exd5 exd5 4. d4 Nf6 5. Bd3 c6 6. Bg5 Be7 7. Qd2 h6 8. Bh4 b5 9. Nf3 b4 10. Na4 Ne4 11. Bxe7 Nxd2 12. Bxd8 Nxf3+ 13. gxf3 Kxd8 14. Rg1 g6 15. Kd2 Re8 16. f4 Nd7 17. f3 Nf6 18.
f5 g5 19. Nc5 a5 20. a3 bxa3 21. Rxa3 Nd7 22. Nxd7 Bxd7 23. Rga1 Kc7 24. Rxa5 Rxa5 25.
Rxa5 Kb6 26. Ra6+ Kb7 27. Ra1 f6 28. b3 h5 29. Re1 Rxe1 30. Kxe1 Kb6 31. c3 c5 32.
dxc5+ Kxc5 33. Kd2 Kd6 34. Ke3 Ke5 35. b4 Bxf5 36.
Bxf5 Kxf5 37. Kd4 Ke6 38. b5 Kd6 39. b6 Kc6 40. b7 Kxb7 41. Kxd5 f5 42. Ke5 g4 43.
fxg4 fxg4 44. Kf5 Kc6 45. Kg5 Kc5 46. Kxh5 Kc4 47. Kxg4 Kxc3 48. h4 Kd4 49. Kg5 Ke5 50.
h5 Ke6 51. Kg6 Ke7 52. Kg7 Ke8 53. h6 Ke7 54. h7 Ke6 55. h8=Q Ke5 56. Qf8 Ke6 57. Qc5 Kd7 58. Kf6 Kd8 59. Ke6 1-0

[Event "Late-Titled-Tuesday-Blitz-February-06-2024"]
[Site "Chess.com"]
[Date "2024.02.06"]
[Round "5"]
[White "ansko1999"]
[Black "ChessLover0108"]
[Result "0-1"]
[WhiteElo "2693"]
[BlackElo "3010"]
[TimeControl "180+1"]
[EndTime "14:55:40 PST"]
[Termination "ChessLover0108 won by resignation"]

1. e4 Nf6 2. e5 Nd5 3. d4 d6 4. Nf3 dxe5 5. Nxe5 c6 6. Be2 Nd7 7. Nxd7 Bxd7 8. O-O Bf5 9. a3 g6 10. c4 Bxb1 11.
Rxb1 Nc7 12. Be3 Bg7 13. Bf3 O-O 14. Qd2 Qd7 15. Rfd1 Rfd8 16. Qb4 Na6 17. Qa4 Nc7 18. Qb4 b6 19. Qa4 b5 20. Qc2 bxc4 21. Qxc4 Nd5 22. Bd2 Rac8 23. Ba5 Nb6 24. Bxb6 axb6 25. d5 c5 26. a4 Bd4 27. b3 h5 28. g3 Qf5 29.
Qd3 Qf6 30. Qe2 Kg7 31. Kg2 Re8 32. Re1 h4 33. Rbd1 Qf5 34. Qe4 h3+ 35. Kg1 Qf6 36. Qf4 Qxf4 37. gxf4 Bf6 38. Bg4 Rcd8 39. Bxh3 Rh8 40.
Bg4 Rh4 41. h3 Kf8 42. Kg2 Bd4 43. f5 gxf5 44. Bxf5 Rf4 45. Be4 Rxf2+ 46. Kg3 Rb2 47. Rd3 Bf2+ 0-1

[Event "Late-Titled-Tuesday-Blitz-February-06-2024"]
[Site "Chess.com"]
[Date "2024.02.06"]
[Round "5"]
[White "jinbojinbo"]
[Black "marianokar"]
[Result "1-0"]
[WhiteElo "2631"]
[BlackElo "2448"]
[TimeControl "180+1"]
[EndTime "14:55:41 PST"]
[Termination "jinbojinbo won on time"]

1. Nf3 c5 2. c4 Nc6 3. Nc3 g6 4. e3 Nf6 5. d4 cxd4 6. exd4 d5 7.
cxd5 Nxd5 8. Bc4 Nxc3 9. bxc3 Bg7 10. O-O O-O 11. Re1 b6 12. Bg5 Bf6 13. Bxf6 exf6 14.
a4 Bb7 15. Qd2 Kg7 16. Ba2 Na5 17. Re3 Re8 18. Rae1 Rxe3 19. Rxe3 Qd7 20. Qe2 Bxf3 21. Qxf3 Re8 22. Rxe8 Qxe8 23. Qd1 Qe7 24. h3 Qa3 25. Qc2 h5 26. Bd5 h4 27. Ba2 Nb7 28. Kh2 Qd6+ 29.
g3 hxg3+ 30. fxg3 Na5 31. Qg2 Qa3 32. Qc2 f5 33. h4 Qd6 34. Qd2 Nc6 35. Kg2 a6 36. Kh2 b5 37. axb5 axb5 38. Qf4 Qxf4 39. gxf4 b4 40. cxb4 Nxb4 41. Bb3 Kf6 42. Kg3 Ke7 43. Kf3 Nc6 44. Ke3 Nd8 45. Bd5 Kd6 46.
Bf3 Ne6 47. Bd1 Nc7 48. Bb3 1-0

[Event "Late-Titled-Tuesday-Blitz-February-06-2024"]
[Site "Chess.com"]
[Date "2024.02.06"]
[Round "5"]
[White "nikitadovbnya2008"]
[Black "VitorBronson"]
[Result "1-0"]
[WhiteElo "2354"]
[BlackElo "2492"]
[TimeControl "180+1"]
[EndTime "14:55:41 PST"]
[Termination "nikitadovbnya2008 won on time"]

1. d4 d5 2. c4 c6 3. Nc3 Nf6 4. e3 e6 5. Nf3 Nbd7 6. Bd3 dxc4 7. Bxc4 b5 8. Bd3 Bd6 9. O-O Bb7 10. a4 a6 11. Bd2 O-O 12. Rc1 e5 13. dxe5 Nxe5 14. Be2 b4 15. Na2 c5 16. Nxe5 Bxe5 17. Rxc5 Bxh2+ 18.
Kxh2 Qd6+ 19. Kg1 Qxc5 20. Bxb4 Qg5 21. Bf3 Bxf3 22. Qxf3 Rfd8 23. Bc3 Nd5 24. Bd4 Rac8 25. Nc3 Nb4 26. Ne4 Qd5 27. Qg3 Kf8 28. Qxg7+ Ke7 29.
Bf6+ Kd7 30. Bxd8 Kxd8 31. Qf8+ Kd7 32. Nf6+ Ke6 33. Nxd5 Rxf8 34. Nxb4 Rb8 35. Nd3 Rb3 36. Rd1 Kf6 37. Kf1 a5 38. Ke2 Rb8 39. Rd2 Rc8 40.
Ne1 Rg8 41. Rc2 h5 42. Rc5 Rg5 43. Rxg5 h4 44. Rh5 h3 45. Rxh3 Ke7 46. Rf3 f5 47. Rf4 Ke6 48. Rd4 Ke5 49. f4+ Ke6 50. Kf3 1-0

[Event "Late-Titled-Tuesday-Blitz-February-06-2024"]
[Site "Chess.com"]
[Date "2024.02.06"]
[Round "5"]
[White "Mikayel99"]
[Black "Schattman"]
[Result "1-0"]
[WhiteElo "2535"]
[BlackElo "2384"]
[TimeControl "180+1"]
[EndTime "14:55:42 PST"]
[Termination "Mikayel99 won on time"]

1. d4 Nf6 2. c4 g6 3. g3 c6 4. Nc3 d5 5. Bg2 Bg7 6. Nf3 O-O 7. O-O dxc4 8. Ne5 Ng4 9. Nxg4 Bxg4 10. Be3 Nd7 11.
a4 a5 12. Qc2 Bf5 13. Qc1 Nb6 14. Rd1 Nd5 15. Bg5 Nb4 16. e4 Bg4 17. f3 Bc8 18. e5 Nd3 19. Qc2 h6 20. Be3 Bf5 21. Ne4 Qd5 22.
b3 Nb4 23. Qxc4 Rfd8 24. Rac1 Kh7 25. Nc3 Qxc4 26. bxc4 Nd3 27. Rb1 Nb4 28. Rb3 c5 29.
Rb2 cxd4 30. Bxd4 Nc6 31. Bb6 Rxd1+ 32. Nxd1 Bxe5 33. Rb5 Bd4+ 34. Bxd4 Nxd4 35. Rxb7 Rc8 36. Ne3 Bd3 37. Rd7 Ne2+ 38. Kf2 Nc1 39. Rxe7 Bxc4 40. Nxc4 Rxc4 41. Rxf7+ Kg8 42. Rf6 Rc2+ 43. Kf1 Nd3 44. Rxg6+ Kf7 45. Rxh6 Rf2+ 46. Kg1 Ra2 47. h4 Rxa4 48.
h5 Ra1+ 49. Kh2 Ne1 50. Kg1 Ra2 51. Bh1 a4 52. f4 a3 53. Bd5+ Kg7 54. Rg6+ Kh7 55.
Bxa2 Nf3+ 56. Kf2 Nd4 57. Ra6 1-0

[Event "Late-Titled-Tuesday-Blitz-February-06-2024"]
[Site "Chess.com"]
[Date "2024.02.06"]
[Round "5"]
[White "AmanteDeMoi"]
[Black "ACollins05"]
[Result "1/2-1/2"]
[WhiteElo "2590"]
[BlackElo "2433"]
[TimeControl "180+1"]
[EndTime "14:55:44 PST"]
[Termination "Game drawn by repetition"]

1. Nf3 d5 2. e3 Nf6 3. c4 e6 4.
b3 Be7 5. Bb2 c5 6. cxd5 exd5 7.
Be2 Nc6 8. O-O O-O 9. d4 cxd4 10. Nxd4 Bd7 11. Nc3 Rc8 12. Rc1 Qa5 13. Bf3 Rfd8 14. Qd2 Nxd4 15. Qxd4 Be6 16. Rfd1 Bc5 17. Qh4 Be7 18.
a4 Qb6 19. Nb5 a6 20. Nd4 Qd6 21. Nxe6 fxe6 22. Qd4 Ne8 23. e4 dxe4 24. Qxe4 Rxc1 25. Rxc1 b5 26. axb5 axb5 27. Bg4 Nf6 28. Qxe6+ Qxe6 29. Bxe6+ Kf8 30. Rc8 Rxc8 31. Bxc8 Bc5 32. Bf5 h6 33. Kf1 Ke7 34. h3 g5 35. Ke2 Nd5 36. g3 Nb4 37.
Kf3 Nc6 38. Ke4 Na5 39. Kd5 Bxf2 40. b4 Nc4 41. Bg7 Bxg3 42. Bxh6 Bf4 43. Kc5 Nd6 44. Bd3 Be3+ 45. Kc6 Bd2 46. Kc5 Be3+ 47. Kd5 Bd2 48. Kc5 Be3+ 1/2-1/2

[Event "Late-Titled-Tuesday-Blitz-February-06-2024"]
[Site "Chess.com"]
[Date "2024.02.06"]
[Round "5"]
[White "Gryffindorac8"]
[Black "reevecanada"]
[Result "0-1"]
[WhiteElo "2368"]
[BlackElo "2554"]
[TimeControl "180+1"]
[EndTime "14:55:44 PST"]
[Termination "reevecanada won by resignation"]

1. d4 Nf6 2. c4 c6 3. Nf3 d5 4. Nc3 dxc4 5. a4 Bf5 6. e3 e6 7. Bxc4 Nbd7 8. O-O Bd6 9. Qe2 e5 10. dxe5 Nxe5 11. Nxe5 Bxe5 12. e4 Bg4 13. f3 Bh5 14.
Qc2 O-O 15. f4 Qd4+ 16. Qf2 Ng4 17. Qxd4 Bxd4+ 18. Kh1 Nf2+ 19. Rxf2 Bxf2 20. h3 h6 21. g4 Bg6 22. Kg2 Bd4 23. Kf3 Rfe8 24. f5 Bh7 25.
Bf4 Rad8 26. Rc1 Be5 27. Be3 b6 28. h4 Kf8 29. g5 hxg5 30. hxg5 Bg8 31. Rh1 Rd7 32.
Rh8 Rde7 33. g6 Bxc3 34. gxf7 Rxf7 35. Bxf7 Kxf7 36. bxc3 c5 37. Bf4 g6 38. fxg6+ Kxg6 39. Rh6+ Kg7 40. Rd6 Re7 41. Bg5 Rf7+ 42. Ke3 Rc7 43.
e5 Bb3 44. Bf6+ Kf7 45. a5 bxa5 46. Bd8 Rb7 47. Bxa5 Be6 48. Rc6 c4 49. Bc7 Rb3 50.
Kd4 Rb1 51. Bd6 Rd1+ 52. Kc5 Rd5+ 53. Kb4 a5+ 54. Ka4 Bd7 55. Ka3 Bxc6 0-1

[Event "Late-Titled-Tuesday-Blitz-February-06-2024"]
[Site "Chess.com"]
[Date "2024.02.06"]
[Round "5"]
[White "subham777"]
[Black "giovannibrandao7"]
[Result "0-1"]
[WhiteElo "2514"]
[BlackElo "2241"]
[TimeControl "180+1"]
[EndTime "14:55:44 PST"]
[Termination "giovannibrandao7 won on time"]

1. e4 c5 2. Nf3 d6 3. d4 cxd4 4. Qxd4 Nc6 5. Bb5 Bd7 6. Bxc6 Bxc6 7. c4 e6 8. Nc3 Nf6 9. Bg5 Be7 10. O-O h6 11.
Bh4 O-O 12. Rfd1 Qc7 13. Rac1 Rfd8 14. b4 a6 15. a4 Rac8 16. h3 Be8 17. Nd2 b6 18.
Bg3 Qb7 19. Kh1 d5 20. cxd5 exd5 21. exd5 Nxd5 22. Nxd5 Rxc1 23. Rxc1 Qxd5 24. Qxd5 Rxd5 25. Rc8 Rd8 26. Rxd8 Bxd8 27. Nc4 Bxa4 28. Bd6 f6 29. Ne3 Bc6 30. Kh2 Kf7 31. g4 g6 32. Nc4 Ke6 33. Bg3 b5 34. Nb2 Be7 35. Nd3 g5 36.
f4 Be4 37. Nf2 Kd5 38. fxg5 hxg5 39. h4 Bxb4 40. h5 Bc3 41. Nd1 Be5 42. Kh3 Bh7 43.
Bxe5 Kxe5 44. Kg3 a5 45. Kf3 Kd4 46. Ke2 Kc4 47. Kd2 Kb3 48. Kc1 a4 0-1

[Event "Late-Titled-Tuesday-Blitz-February-06-2024"]
[Site "Chess.com"]
[Date "2024.02.06"]
[Round "5"]
[White "MeisterJabo"]
[Black "colegiodemadrid"]
[Result "0-1"]
[WhiteElo "2325"]
[BlackElo "2504"]
[TimeControl "180+1"]
[EndTime "14:55:44 PST"]
[Termination "colegiodemadrid won on time"]

1. c4 e6 2. g3 Nf6 3. Bg2 d5 4. Nf3 Be7 5. O-O O-O 6. d4 dxc4 7. Ne5 Nc6 8. Nxc6 bxc6 9. Na3 Bxa3 10. bxa3 Rb8 11.
Qa4 Qxd4 12. Be3 Qb2 13. Qxc4 Nd5 14. Bxa7 Rb5 15. Bd4 Qxa3 16. Qxc6 Qa6 17. Qc2 c5 18. Bxc5 Qc6 19. Rfc1 Ba6 20. Bxf8 Qxc2 21. Rxc2 Kxf8 22. Bxd5 Rxd5 23. a4 h5 24. h4 g5 25. hxg5 Rxg5 26. a5 h4 27. Kg2 Bb7+ 28. Kh2 hxg3+ 29. Kh3 gxf2 30. e4 Bxe4 31. Rxf2 f5 32. a6 Kf7 33. a7 Rg8 34. Rb2 Rh8+ 35. Kg3 Rg8+ 36. Kf4 Kf6 37. Rb8 e5+ 38. Ke3 Rg3+ 39. Kd2 Rg2+ 40.
Kc3 f4 41. Ra6+ Kf5 42. Rf8+ Kg4 43. Rg8+ Kf3 44. Re8 Rg5 45. a8=Q Bxa8 46. Raxa8 e4 47. Ra3 e3 48. Kd3 Rd5+ 49. Kc2 Kf2 50. Rf8 f3 0-1

[Event "Late-Titled-Tuesday-Blitz-February-06-2024"]
[Site "Chess.com"]
[Date "2024.02.06"]
[Round "5"]
[White "LikeWater"]
[Black "Mistango"]
[Result "1-0"]
[WhiteElo "2779"]
[BlackElo "2495"]
[TimeControl "180+1"]
[EndTime "14:55:45 PST"]
[Termination "LikeWater won on time"]

1. e4 c5 2. Nf3 d6 3. d4 cxd4 4. Nxd4 Nf6 5. Bd3 a6 6. c4 e5 7.
Nc2 Be7 8. Nc3 O-O 9. O-O Nbd7 10. b3 Nc5 11. Be3 Be6 12. Bxc5 dxc5 13. Ne3 Qd7 14. Qc2 Bd8 15. Ncd5 Bxd5 16. exd5 g6 17. f4 exf4 18. Rxf4 Ne8 19. Rf3 Nd6 20. Raf1 Bg5 21. Nd1 Rae8 22.
Kh1 f5 23. Nf2 Re3 24. Nh3 Rxf3 25. Rxf3 Bh6 26. Nf2 Re8 27. g3 Qe7 28. Kg2 Qe1 29. g4 fxg4 30. Rf6 Qe7 31. Re6 Qd7 32. Bxg6 Rxe6 33.
dxe6 Qxe6 34. Bxh7+ Kg7 35. Be4 Qe5 36. Bd5 g3 37. Ng4 Qg5 38. Qc3+ Kh7 39. Qxg3 Nf5 40. Be4 Qd2+ 41. Nf2 Qd7 42. Qg4 1-0

[Event "Late-Titled-Tuesday-Blitz-February-06-2024"]
[Site "Chess.com"]
[Date "2024.02.06"]
[Round "5"]
[White "ferdipy"]
[Black "Statham_01"]
[Result "0-1"]
[WhiteElo "2407"]
[BlackElo "2596"]
[TimeControl "180+1"]
[EndTime "14:55:46 PST"]
[Termination "Statham_01 won by checkmate"]

1. e4 e5 2. Nf3 Nf6 3. Nxe5 Nc6 4. Nxc6 dxc6 5. Nc3 Bc5 6. Be2 h5 7. h3 Qd4 8. O-O Qe5 9. d4 Bxd4 10. Bf4 Qxf4 11. Qxd4 Ng4 12. g3 Qf6 13. Qxf6 Nxf6 14.
Kg2 Be6 15. f4 g6 16. Rad1 Ke7 17. f5 gxf5 18. exf5 Bd5+ 19. Bf3 Rhd8 20. Rfe1+ Kf8 21. g4 hxg4 22. hxg4 Re8 23. g5 Nh7 24. g6 Nf6 25. Nxd5 cxd5 26. Rh1 fxg6 27. fxg6 c6 28. Rdf1 Kg7 29. Kf2 Rh8 30. Rhg1 Rh2+ 31. Ke3 Rxc2 32. Kd4 c5+ 33. Ke5 Re8+ 34. Kd6 Rxb2 35. Kxc5 Rc2+ 36. Kd6 Rxa2 37. Bxd5 Ra6+ 38. Kc5 Ra5+ 39. Kc4 Rc8+ 40.
Kd4 Rxd5+ 41. Ke3 Re8+ 42. Kf4 Re4+ 43. Kf3 Rf5+ 44. Kg3 Rg4+ 45. Kh2 Rh5# 0-1

[Event "Late-Titled-Tuesday-Blitz-February-06-2024"]
[Site "Chess.com"]
[Date "2024.02.06"]
[Round "5"]
[White "Redzishchess"]
[Black "PawnEatingZombie"]
[Result "1-0"]
[WhiteElo "2527"]
[BlackElo "2208"]
[TimeControl "180+1"]
[EndTime "14:55:47 PST"]
[Termination "Redzishchess won by resignation"]

1. d4 Nf6 2. c4 g6 3. g3 Bg7 4. Bg2 O-O 5. Nc3 d6 6. Nf3 Nc6 7. O-O e5 8. dxe5 dxe5 9. Bg5 Qxd1 10. Rfxd1 h6 11. Bxf6 Bxf6 12. Nd5 Bd8 13. b4 Re8 14. b5 Na5 15. Rac1 Bf5 16. Nd2 c6 17. Nc3 Bg5 18.
bxc6 bxc6 19. Nce4 Bxe4 20. Nxe4 Bxc1 21. Nf6+ Kg7 22.
Nxe8+ Rxe8 23. Rxc1 Rd8 24. Rc2 Rd4 25. e3 Rxc4 26.
Rxc4 Nxc4 27. Bxc6 Kf6 28. Kf1 Ke6 29. Ke2 Kd6 30.
Be8 Ke7 31. Bb5 Nd6 32. Ba6 f5 33. Kd3 Ke6 34. Bc4+ Kd7 35. Bd5 Kc7 36. f4 exf4 37. exf4 Kd7 38. Kd4 Nb5+ 39. Kc5 Nc3 40. Bf7 g5 41.
fxg5 hxg5 42. h4 f4 43. gxf4 gxh4 44. Kd4 Ne2+ 45. Ke3 Nxf4 46. Kxf4 Kc6 47. Kg4 Kc5 48.
Kxh4 Kb4 49. Kg4 1-0

[Event "Late-Titled-Tuesday-Blitz-February-06-2024"]
[Site "Chess.com"]
[Date "2024.02.06"]
[Round "5"]
[White "Resignify"]
[Black "olawsson"]
[Result "1-0"]
[WhiteElo "2323"]
[BlackElo "2153"]
[TimeControl "180+1"]
[EndTime "14:55:50 PST"]
[Termination "Resignify won on time"]

1. e4 c5 2. Nc3 a6 3. g3 b5 4. Bg2 Bb7 5. d3 e6 6. f4 g6 7. Nf3 Bg7 8. Be3 Qc7 9. e5 Ne7 10. Ne4 Nf5 11. Bxc5 Bxe4 12. dxe4 Qxc5 13. exf5 gxf5 14.
Qd2 Nc6 15. O-O-O d5 16. exd6 O-O-O 17. Rhe1 Rd7 18. Re3 Kb8 19. Kb1 Rhd8 20. Rd3 h6 21. c3 a5 22. a3 a4 23. Ka2 Na5 24. Kb1 Nb3 25. Qe2 Rxd6 26. Rxd6 Rxd6 27. Rxd6 Qxd6 28. Qxb5+ Kc8 29. Qxa4 Qd1+ 30. Ka2 Nc1+ 31. Kb1 Qxa4 32. Kxc1 Qc4 33. Nd2 Qd3 34. Bf1 Qe3 35. Bc4 Qe1+ 36. Kc2 Qf2 37. Bd3 Qxh2 38. b4 Qxg3 39. a4 Kb7 40. a5 Qxf4 41. b5 Bf6 42. a6+ Kb6 43.
Nc4+ Ka7 44. b6+ Kxa6 45. Ne5+ Kxb6 46. Nd7+ Kc7 47. Nxf6 Qf2+ 48. Kb3 Qf4 49. Ne8+ Kd7 50. Nf6+ 1-0

[Event "Late-Titled-Tuesday-Blitz-February-06-2024"]
[Site "Chess.com"]
[Date "2024.02.06"]
[Round "5"]
[White "dropstoneDP"]
[Black "Andrei_Skvortsov"]
[Result "1/2-1/2"]
[WhiteElo "2993"]
[BlackElo "2691"]
[TimeControl "180+1"]
[EndTime "14:55:52 PST"]
[Termination "Game drawn by repetition"]

1. e4 c5 2. Nf3 d6 3. d4 cxd4 4. Nxd4 Nf6 5. Nc3 g6 6. Be3 Bg7 7. f3 O-O 8. Qd2 d5 9. e5 Ne8 10. f4 f6 11. e6 f5 12. O-O-O Nf6 13. Kb1 Nc6 14. Bb5 Qd6 15. Rhe1 a6 16. Ba4 Ne4 17. Nxe4 fxe4 18. c4 Nxd4 19. Bxd4 Bxd4 20. Qxd4 b5 21. cxb5 Bxe6 22. Bb3 axb5 23. Bxd5 Bxd5 24. Qxd5+ Qxd5 25. Rxd5 Rxf4 26. Rxb5 Rf2 27. Rxe4 Rxg2 28. Rxe7 Rxh2 29. a3 Rh4 30. Rbb7 Kh8 31. Ka2 Rh3 32. Rbc7 g5 33. Rb7 g4 34. Rg7 h5 35. Rh7+ Kg8 36. Rbg7+ Kf8 37.
Rg5 Ra6 38. Rhxh5 Rxh5 39. Rxh5 Rg6 40. Rh2 Ke7 41. Kb3 Ke6 42. Kc4 Ke5 43. b4 g3 44. Rg2 Ke4 45. a4 Kf3 46. Rg1 Kf2 47.
Rd1 Re6 48. a5 g2 49. b5 Re1 50. Rd2+ Re2 51. Rd1 Re1 52. Rd2+ Re2 53. Rd1 Re1 1/2-1/2